 Dungeon Crawl Stone Soup version 0.23.2-11-gf996548 (webtiles) character file.

Game seed: 2990088366124584263

140730 hewhojamsspam the Warrior (level 17, -5/113 HPs)
             Began as a Gargoyle Fighter on May 13, 2019.
             Was the Champion of Okawaru.
             Slain by an alligator (33 damage)
             ... called by a spriggan druid
             ... on level 2 of the Swamp on June 4, 2019.
             The game lasted 01:33:35 (31547 turns).

hewhojamsspam the Warrior (Gargoyle Fighter)       Turns: 31547, Time: 01:33:37

Health: -5/113     AC: 42    Str: 24    XL:     17   Next: 31%
Magic:  8/8        EV: 14    Int: 14    God:    Okawaru [******]
Gold:   1875       SH:  5    Dex: 10    Spells: 17/20 levels left

rFire    . . .     SeeInvis +   K - +5 morningstar of Fortitude {antimagic, rN+ SInv}
rCold    . . .     Gourm    .   J - +1 buckler {AC+3}
rNeg     + + .     Faith    .   w - +0 acid dragon scales
rPois    ∞         Spirit   .   W - +2 helmet {SInv}
rElec    +         Reflect  .   h - scarf {repulsion}
rCorr    +         Harm     .   k - +1 pair of gloves {Str+3}
MR       +....                  o - +1 pair of boots {Stlth+}
Stlth    ++++......             E - amulet of regeneration
HPRegen  0.68/turn              Y - ring of Robustness {AC+8}
MPRegen  0.11/turn              m - +4 ring of slaying

@: flying, repel missiles
A: big wings, negative energy resistance 1, electricity resistance, unbreathing,
petrification resistance, rot immunity, AC +12
a: Stop Flying, Heroism, Finesse, Renounce Religion


You were on level 2 of the Swamp.
You worshipped Okawaru.
Okawaru was exalted by your worship.
You were hungry.

You visited 5 branches of the dungeon, and saw 26 of its levels.
You also visited: Bailey, Gauntlet and Ice Cave.

You collected 2785 gold pieces.
You spent 910 gold pieces at shops.

Inventory:

Hand Weapons
 e - a +0 lajatang of electrocution
 K - the +5 morningstar of Fortitude (weapon) {antimagic, rN+ SInv}
   (You found it on level 8 of the Dungeon)

   It reduces the magical energy of the wielder, and disrupts the spells and
   magical abilities of those hit.
   Natural abilities and divine invocations are not affected.
   It protects you from negative energy.
   It lets you see invisible.
Missiles
 r - 23 steel javelins
 R - 10 javelins (quivered)
 U - 3 throwing nets
Armour
 h - a scarf of repulsion (worn)
 k - a +1 pair of gloves of strength (worn)
 o - a +1 pair of boots of stealth (worn)
 w - +0 acid dragon scales (worn)
 J - a +1 buckler of protection (worn)
 W - a +2 helmet of see invisible (worn)
Jewellery
 l - an uncursed ring of protection from magic
 m - a +4 ring of slaying (right hand)
 E - an amulet of regeneration (around neck)
 M - an uncursed ring of protection from cold
 N - an uncursed ring of fire
 Y - the ring of Robustness (left hand) {AC+8}
   (You found it in a Gauntlet)

   [ring of protection]

   It affects your AC (+8).
Wands
 c - a wand of digging (21)
 i - a wand of clouds (5)
 p - a wand of disintegration (16)
 O - a wand of acid (23)
 S - a wand of iceblast (8)
Scrolls
 a - 6 scrolls of identify
 b - 7 scrolls of fog
 g - 4 scrolls of immolation
 q - 8 scrolls of teleportation
 s - a scroll of magic mapping
 u - 9 scrolls of remove curse
 y - a scroll of silence
 H - 2 scrolls of fear
 V - a scroll of blinking
Potions
 d - 5 potions of might
 j - 6 potions of haste
 A - 3 potions of agility
 B - 8 potions of curing
 D - 2 potions of brilliance
 F - a potion of resistance
 G - 5 potions of cancellation
 I - 3 potions of mutation
 L - 4 potions of lignification
Miscellaneous
 P - a lightning rod (4/4)
 Q - a phantom mirror
 T - a phial of floods
 X - a sack of spiders
Comestibles
 f - 40 rations
 n - 13 chunks of flesh


   Skills:
 - Level 15.0 Fighting
 * Level 14.8 Maces & Flails
 - Level 15.0 Armour
 + Level 6.8 Dodging
 - Level 10.0 Stealth
 - Level 4.0 Shields
 + Level 2.2 Spellcasting
 + Level 3.8 Charms
 + Level 4.0 Translocations
 - Level 10.0 Invocations
 + Level 8.9 Evocations


You had 17 spell levels left.
You knew the following spells:

 Your Spells              Type           Power        Failure   Level  Hunger
a - Apportation           Tloc           ##....       4%          1    #......
b - Song of Slaying       Chrm           ##......     9%          2    ###....

Your spell library contained the following spells:

 Spells                   Type           Power        Failure   Level  Hunger
 Infusion                 Chrm           ##..         5%          1    #......
 Shroud of Golubria       Chrm/Tloc      ##........   9%          2    ###....
 Animate Skeleton         Necr           N/A          26%         1    #......
 Confusing Touch          Hex            #.....       26%         1    #......
 Magic Dart               Conj           #...         26%         1    #......
 Summon Small Mammal      Summ           #...         26%         1    #......
 Regeneration             Chrm/Necr      #.........   36%         3    ###....
 Spectral Weapon          Hex/Chrm       #.......     36%         3    ###....
 Searing Ray              Conj           #.....       38%         2    ###....
 Dazzling Spray           Conj/Hex       #.....       63%         3    ###....
 Force Lance              Conj/Tloc      #.......     75%         4    #####..
 Fulminant Prism          Conj/Hex       #.........   95%         4    #####..
 Iskenderun's Mystic Bla  Conj           #.......     95%         4    #####..
 Poison Arrow             Conj/Pois      #.........   100%        6    #######
 Chain Lightning          Conj/Air       #.........   100%        8    #######
 Lehudib's Crystal Spear  Conj/Erth      #.........   100%        8    #######
 Fire Storm               Conj/Fire      #.........   100%        9    #######
 Glaciate                 Conj/Ice       #.........   100%        9    #######


Dungeon Overview and Level Annotations

Branches:
Dungeon (15/15)            Temple (1/1) D:6            Lair (6/6) D:11
  Swamp (2/4) Lair:2        Snake (0/4) Lair:2        Slime (0/5) Lair:6
    Orc (2/2) D:10            Elf (0/3) Orc:2        Vaults (0/5) D:14
 Depths (0/5) D:15

Altars:
Ashenzari
Cheibriados
Dithmenos
Elyvilon
Fedhas
Gozag
Hepliaklqana
Kikubaaqudgha
Makhleb
Nemelex Xobeh
Okawaru
Qazlal
Ru
Sif Muna
Trog
Uskayaw
Vehumet
Wu Jian
Xom
Yredelemnul
Zin
The Shining One
Beogh

Shops:
D:7 [}((?   D:14 [   D:15 (   Orc:2 (*[(*[?(


Innate Abilities, Weirdness & Mutations

You are resistant to torment.
Your stone body is resilient. (AC +12)
You are immune to poison.
Your large and strong wings let you fly indefinitely.
You resist negative energy. (rN+)
You are resistant to electric shocks. (rElec)
You can survive without breathing.
You are immune to petrification.
You are immune to rotting.


Message History

The swamp dragon claws you but does no damage.
The swamp dragon tramples you!
You are shoved backwards!
You hit the swamp dragon.
The swamp dragon is lightly wounded.
The swamp dragon closely misses you.
The swamp dragon claws you but does no damage.
The swamp dragon closely misses you.
You impale the swamp dragon!!
The swamp dragon is heavily wounded.
The alligator bites you!!
* * * LOW HITPOINT WARNING * * *
You block the alligator's attack.
Unknown command.
You are feeling hungry.
You sock the swamp dragon!
The swamp dragon is severely wounded.
The swamp dragon barely misses you. x2
The swamp dragon tramples you but does no damage.
The alligator bites you!!
You die...

♣♣ ♣♣♣♣ ≈.♣
♣♣♣♣..♣♣
♣♣♣..♣♣♣♣≈♣♣.≈!♣
≈≈♣♣≈≈♣..≈≈♣...♣
.≈..§≈..).≈♣@..♣♣
♣
≈≈.≈≈≈≈≈.wDt≈≈.♣
♣ ♣.≈≈≈≈≈≈.†.≈≈.♣
♣♣
♣♣§≈≈≈≈....≈≈≈§♣
≈♣
♣≈.≈≈≈≈.♣..≈≈≈.♣
.♣
♣♣≈≈≈≈.♣♣♣.≈≈≈.♣
♣♣ ♣♣...♣♣
♣♣.≈≈.♣ ♣
♣♣♣♣..♣♣♣♣♣♣♣♣♣♣♣
♣♣.♣≈≈≈.≈...♣


You could see an alligator, a swamp dragon and a tyrant leech.

Vanquished Creatures
  Rupert (Lair:4)
  A very ugly thing (Swamp:1)
  A reaper (Gauntlet)
  A stone giant (Orc:1)
  Nessos (Lair:5)
  A minotaur (Gauntlet)
  A deep elf annihilator (D:15)
  Azrael (D:13)
  The ghost of IBeShadow the Thaumaturge, a journeyman DrFE of Vehumet (Lair:2)
  Snorg (D:12)
  Josephine (Lair:4)
  A yaktaur captain (D:15)
  Harold (Lair:2)
  4 ogre magi
  Erolcha (D:9)
  12 hydras
  A shambling mangrove (Swamp:2)
  A catoblepas (Lair:4)
  2 dancing weapons (D:14)
  A ghost crab (Swamp:2)
  7 centaur warriors
  2 death yaks
  19 two-headed ogres
  3 tengu warriors
  A death knight (D:15)
  9 alligators
  An orc high priest (Orc:1)
  Urug (D:12)
  A deep elf knight (Bailey)
  A spriggan (Swamp:2)
  2 spectral death yaks (Lair:2)
  5 skeletal warriors (D:15)
  6 unseen horrors
  A spectral hydra (Lair:2)
  A spriggan druid (Swamp:2)
  2 swamp dragons
  2 deep elf archers (D:15)
  A wolf spider zombie (D:15)
  2 orc knights
  14 deep elf magi
  7 ugly things
  An orc sorcerer (Orc:2)
  5 cyclopes
  2 manticores (D:12)
  5 elephants (Lair:6)
  3 black mambas
  2 ice statues (IceCv)
  Psyche (D:10)
  28 spiny frogs
  A torpor snail (Lair:6)
  3 gargoyles
  A rime drake (shapeshifter) (D:14)
  2 efreet
  A yaktaur (D:15)
  A rime drake (Lair:4)
  9 komodo dragons
  A kobold demonologist (D:13)
  2 freezing wraiths (D:15)
  A tengu conjurer (D:14)
  2 ice devils (Lair:6)
  A jumping spider (shapeshifter) (D:13)
  4 trolls
  A polar bear (Lair:2)
  6 tyrant leeches
  13 blink frogs
  The ghost of clovenhoof the Magician, an amateur DrWn of Sif Muna (D:4)
  Grinder (D:3)
  3 bog bodies (Swamp:1)
  11 slime creatures
  8 hornets
  10 hippogriffs
  A meliai zombie (D:12)
  6 wraiths
  3 basilisks
  2 shadows (Gauntlet)
  2 vampires
  54 yaks
  3 wyverns
  A fire elemental (D:13)
  6 hungry ghosts
  11 vampire mosquitoes
  5 wargs
  13 swamp worms
  Menkaure (D:6)
  3 soldier ants
  2 acid dragons
  26 water moccasins
  9 hell hounds
  Duvessa (D:5)
  A hydra simulacrum (Lair:2)
  7 porcupines
  16 orc warriors
  A swamp drake (Swamp:2)
  10 ice beasts
  3 phantoms
  An eye of draining (D:11)
  3 black bears
  A black mamba simulacrum (Lair:2)
  5 sky beasts
  29 ogres
  10 centaurs
  9 crocodiles
  2 big kobolds
  30 bullfrogs
  Dowan (D:5)
  2 wyvern skeletons
  2 scorpions
  4 killer bees
  6 wights
  4 howler monkeys
  4 electric eels
  7 crimson imps
  5 centaur zombies
  A fire crab simulacrum (Lair:2)
  3 bullfrog zombies
  A quasit (D:13)
  A centaur skeleton (D:7)
  3 hounds
  8 jellies
  6 orc priests
  20 orc wizards
  9 bullfrog skeletons
  6 iguanas
  10 worker ants
  A killer bee zombie (D:7)
  2 hound zombies
  A hound skeleton (D:9)
  A howler monkey zombie (D:5)
  A worker ant zombie (D:9)
  14 adders
  A gnoll (D:1)
  A river rat (Lair:1)
  11 shadow imps
  12 oozes
  An adder zombie (D:9)
  2 adder skeletons
  2 dart slugs
  7 leopard geckos
  62 orcs
  3 ball pythons
  8 giant cockroaches
  14 goblins
  9 hobgoblins
  4 jackals
  15 kobolds
  2 quokkas
  10 bats
  3 frilled lizards
  2 quokka skeletons
  3 quokka zombies
  8 rats
  A plant (Lair:1)
834 creatures vanquished.

Vanquished Creatures (others)
  A crocodile (Lair:6)
  An orc wizard (D:8)
  11 fungi
  54 plants
67 creatures vanquished.

Grand Total: 901 creatures vanquished

Notes
Turn   | Place    | Note
-------+----------+-------------------------------------------
     0 | D:1      | hewhojamsspam the Gargoyle Fighter began the quest for the
                  | Orb.
     0 | D:1      | Reached XP level 1. HP: 14/14 MP: 1/1
    79 | D:1      | Reached XP level 2. HP: 18/19 MP: 2/2
   235 | D:1      | Reached XP level 3. HP: 17/23 MP: 3/3
   373 | D:1      | Reached skill level 1 in Stealth
   688 | D:2      | Reached XP level 4. HP: 24/29 MP: 4/4
   880 | D:2      | Found an opulent altar of Gozag.
   976 | D:2      | Found a snail-covered altar of Cheibriados.
  1485 | D:3      | Reached XP level 5. HP: 26/33 MP: 5/5
  1721 | D:3      | Noticed Grinder
  1734 | D:3      | Paralysed by Grinder for 3 turns
  1749 | D:3      | Killed Grinder
  1749 | D:3      | Reached XP level 6. HP: 20/40 MP: 6/6
  2160 | D:3      | Reached skill level 5 in Fighting
  2304 | D:3      | Found a glowing silver altar of Zin.
  2473 | D:4      | Reached skill level 5 in Armour
  2473 | D:4      | Reached XP level 7. HP: 41/44 MP: 7/7
  2970 | D:4      | Noticed clovenhoof's ghost (amateur DrWn)
  2971 | D:4      | Found a runed translucent gate.
  2972 | D:4      | Found a runed translucent gate.
  2973 | D:4      | Found a runed translucent gate.
  3144 | D:4      | Killed clovenhoof's ghost
  3144 | D:4      | Reached XP level 8. HP: 41/51 MP: 8/8
  3205 | D:5      | Entered Level 5 of the Dungeon
  3294 | D:5      | Found a blossoming altar of Fedhas.
  3304 | D:5      | Reached skill level 5 in Maces & Flails
  3490 | D:5      | Noticed Duvessa
  3493 | D:5      | Noticed Dowan
  3504 | D:5      | Killed Duvessa
  3514 | D:5      | Found a glowing silver altar of Zin.
  3521 | D:5      | Killed Dowan
  3521 | D:5      | Reached skill level 5 in Stealth
  3773 | D:5      | Found a radiant altar of Vehumet.
  4087 | D:6      | Found a deep blue altar of Sif Muna.
  4088 | D:6      | Found a burning altar of Makhleb.
  4090 | D:6      | Found an ancient bone altar of Kikubaaqudgha.
  4091 | D:6      | Found a glowing silver altar of Zin.
  4182 | D:6      | Found a staircase to the Ecumenical Temple.
  4191 | Temple   | Entered the Ecumenical Temple
  4364 | Temple   | Became a worshipper of Warmaster Okawaru
  4439 | D:6      | Got a serpentine silver ring
  4440 | D:6      | Identified the ring "Rutrun" {Fire +Blink Str+6 Int-3 SInv}
                  | (You found it on level 6 of the Dungeon)
  4462 | D:6      | Reached XP level 9. HP: 46/57 MP: 9/9
  4625 | D:6      | Reached skill level 1 in Invocations
  4649 | D:6      | Found a bloodstained altar of Trog.
  4719 | D:6      | Noticed Menkaure
  4720 | D:6      | Found a stormy altar of Qazlal.
  4725 | D:6      | Killed Menkaure
  4978 | D:7      | Found Umpicuj's Weapon Boutique.
  5031 | D:7      | Reached * piety under Okawaru
  5325 | D:7      | Found Meschav's Magic Scroll Shop.
  5335 | D:7      | Found Harev's Weapon Boutique.
  5609 | D:7      | Found Roerphu's Armour Emporium.
  5618 | D:7      | Bought a +1 buckler of protection for 181 gold pieces
  5675 | D:7      | Found Daphurhitu's Gadget Emporium.
  6190 | D:8      | Reached ** piety under Okawaru
  6200 | D:8      | Got a crystal morningstar
  6201 | D:8      | Identified the +5 morningstar of Fortitude {antimagic, rN+
                  | SInv} (You found it on level 8 of the Dungeon)
  6307 | D:8      | Reached XP level 10. HP: 64/64 MP: 4/13
  6667 | D:9      | Noticed Erolcha
  6679 | D:9      | Killed Erolcha
  6679 | D:9      | Reached *** piety under Okawaru
  6707 | D:9      | Reached skill level 1 in Evocations
  6772 | D:9      | Reached skill level 5 in Invocations
  6972 | D:9      | Found a sacrificial altar of Ru.
  7171 | D:9      | Reached **** piety under Okawaru
  7576 | D:10     | Entered Level 10 of the Dungeon
  7654 | D:10     | Noticed a two-headed ogre
  7661 | D:10     | Killed a two-headed ogre
  7661 | D:10     | Reached XP level 11. HP: 61/71 MP: 5/15
  7714 | D:10     | Found a staircase to the Orcish Mines.
  7724 | D:10     | Noticed Psyche
  7732 | D:10     | Killed Psyche
  7844 | D:9      | Reached ***** piety under Okawaru
  8637 | D:11     | Noticed an unseen horror
  8675 | D:11     | Killed an unseen horror
  8675 | D:11     | Reached skill level 10 in Fighting
  8860 | D:11     | Noticed an unseen horror
  8866 | D:11     | Reached skill level 10 in Armour
  8878 | D:11     | Killed an unseen horror
  9306 | D:11     | Reached ****** piety under Okawaru
  9394 | D:11     | Noticed a brown ugly thing
  9403 | D:11     | Killed a brown ugly thing
  9417 | D:11     | Found a staircase to the Lair.
  9503 | D:11     | Noticed a cyclops
  9513 | D:11     | Killed a cyclops
  9513 | D:11     | Reached XP level 12. HP: 70/78 MP: 5/17
  9821 | Lair:1   | Entered Level 1 of the Lair of Beasts
 10603 | Lair:1   | Upgraded the game from 0.23.2-1-ga50397a to
                  | 0.23.2-11-gf996548
 10639 | Lair:2   | Received a gift from Okawaru
 10649 | Lair:2   | Found a staircase to the Snake Pit.
 11131 | Lair:2   | Noticed a seven-headed hydra
 11144 | Lair:2   | Killed a seven-headed hydra
 11163 | Lair:2   | Noticed Harold
 11177 | Lair:2   | Killed Harold
 11177 | Lair:2   | Reached skill level 10 in Maces & Flails
 11500 | Lair:2   | Found a staircase to the Swamp.
 11546 | Lair:2   | Found a runed translucent gate.
 11547 | Lair:2   | Found a runed translucent gate.
 11549 | Lair:2   | Found a runed translucent gate.
 11566 | Lair:2   | Noticed IBeShadow's ghost (journeyman DrFE)
 12362 | Lair:3   | Reached XP level 13. HP: 77/84 MP: 6/19
 12492 | Lair:3   | Received a gift from Okawaru
 12493 | Lair:3   | Got a translucent dire flail {god gift}
 12629 | Lair:3   | Reached skill level 1 in Dodging
 13878 | D:7      | Bought a +2 helmet of see invisible for 236 gold pieces
 14108 | Lair:4   | Noticed Rupert
 14114 | Lair:4   | Paralysed by Rupert for 3 turns
 14121 | Lair:4   | Killed Rupert
 14121 | Lair:4   | Received a gift from Okawaru
 14121 | Lair:4   | Reached skill level 5 in Evocations
 14632 | Lair:5   | Noticed Josephine
 14655 | Lair:4   | Reached skill level 10 in Invocations
 14830 | Lair:4   | Killed Josephine
 15353 | Lair:5   | Noticed Nessos
 15360 | Lair:5   | Killed Nessos
 15554 | Lair:6   | Entered Level 6 of the Lair of Beasts
 15644 | Lair:6   | Found a frozen archway.
 15653 | IceCv    | Entered an ice cave
 15684 | IceCv    | Received a gift from Okawaru
 15914 | IceCv    | Found a transporter.
 15947 | IceCv    | Found a transporter.
 15959 | IceCv    | Gained mutation: Your large and strong wings let you fly
                  | indefinitely. [Gargoyle growth]
 15959 | IceCv    | Reached XP level 14. HP: 92/92 MP: 7/21
 16696 | Lair:2   | Killed IBeShadow's ghost
 17028 | Lair:5   | Reached skill level 10 in Stealth
 17507 | Lair:6   | Received a gift from Okawaru
 17850 | Lair:6   | Received a gift from Okawaru
 18741 | Lair:6   | Found a staircase to the Slime Pits.
 19198 | D:7      | Bought a scroll of identify for 22 gold pieces
 19198 | D:7      | Bought a scroll of identify for 22 gold pieces
 19198 | D:7      | Bought a scroll of identify for 22 gold pieces
 19198 | D:7      | Bought a scroll of remove curse for 33 gold pieces
 19198 | D:7      | Bought a scroll of identify for 22 gold pieces
 19454 | Orc:1    | Entered Level 1 of the Orcish Mines
 19667 | Orc:1    | Found a flagged portal.
 19677 | Bailey   | Entered a bailey
 19978 | Bailey   | Received a gift from Okawaru
 20385 | Orc:1    | Reached XP level 15. HP: 68/99 MP: 7/22
 20406 | Orc:1    | Found a roughly hewn altar of Beogh.
 21096 | Orc:2    | Entered Level 2 of the Orcish Mines
 21167 | Orc:2    | Found Zoomiza's Antique Armour Emporium.
 21175 | Orc:2    | Bought a pair of polished gloves for 294 gold pieces
 21175 | Orc:2    | Identified the +0 pair of gloves of Yredelemnul's Esteem
                  | {rElec Stlth+} (You bought it in a shop on level 2 of the
                  | Orcish Mines)
 21239 | Orc:2    | Found Oteuj's Antique Weapon Emporium.
 21250 | Orc:2    | Found Xamoc's Magic Scroll Shoppe.
 21314 | Orc:2    | Found Garphi's General Store.
 21314 | Orc:2    | Found Puissef's Antique Armour Shop.
 21314 | Orc:2    | Found Tiojieso's Weapon Shop.
 21314 | Orc:2    | Found Rythreze's General Store.
 21902 | Orc:1    | Received a gift from Okawaru
 22380 | Orc:2    | Bought a scroll of fear for 42 gold pieces
 22380 | Orc:2    | Bought a potion of curing for 36 gold pieces
 22402 | Orc:2    | Found a staircase to the Elven Halls.
 22641 | Orc:2    | Found Mauqe's Antique Weapon Shoppe.
 23295 | D:12     | Reached skill level 5 in Dodging
 23307 | D:12     | Received a gift from Okawaru
 23316 | D:12     | Noticed Urug
 23320 | D:12     | Killed Urug
 23387 | D:12     | Noticed Snorg
 23406 | D:12     | Killed Snorg
 24147 | D:12     | Identified a scroll of acquirement
 24149 | D:12     | Got a slimy brass amulet
 24150 | D:12     | Identified the amulet "Rijalet" {Spirit Fragile rElec
                  | Dex+3} (You acquired it on level 12 of the Dungeon)
 24221 | D:13     | Noticed Azrael
 24243 | D:13     | Reached XP level 16. HP: 73/107 MP: 7/23
 24247 | D:13     | Received a gift from Okawaru
 24261 | D:13     | Killed Azrael
 24877 | D:13     | Received a gift from Okawaru
 25537 | D:13     | Learned a level 1 spell: Apportation
 25629 | D:14     | Found an ornate altar of the Wu Jian Council.
 25658 | D:14     | Found Xucegruje's Antique Armour Boutique.
 26020 | D:14     | Found a gate to the Vaults.
 26138 | D:14     | Learned a level 2 spell: Song of Slaying
 26266 | D:14     | Reached skill level 15 in Fighting
 26914 | D:15     | Entered Level 15 of the Dungeon
 27014 | D:15     | Found Iqodic's Weapon Shop.
 27140 | D:15     | Reached skill level 15 in Armour
 27141 | D:15     | Found a gate leading to a gauntlet.
 27147 | D:15     | Reached skill level 1 in Charms
 27147 | D:15     | Reached skill level 1 in Translocations
 27152 | Gauntlet | Entered a Gauntlet
 27152 | Gauntlet | Found a transporter.
 27189 | Gauntlet | Found a transporter.
 27190 | Gauntlet | Found the ring of Robustness {AC+8}
 27204 | Gauntlet | Found a transporter.
 27209 | Gauntlet | Found a transporter.
 27226 | Gauntlet | Found a transporter.
 27244 | Gauntlet | Found a transporter.
 27256 | Gauntlet | Found a transporter.
 27268 | Gauntlet | Found a transporter.
 27274 | Gauntlet | Found a transporter.
 27289 | Gauntlet | Found a transporter.
 27301 | Gauntlet | Found a transporter.
 27307 | Gauntlet | Found a transporter.
 27307 | Gauntlet | Found a transporter.
 27347 | Gauntlet | Found a transporter.
 27372 | Gauntlet | Found a transporter.
 27374 | Gauntlet | Found a transporter.
 27398 | Gauntlet | Found a transporter.
 27478 | Gauntlet | Found a transporter.
 28560 | D:15     | Found a shattered altar of Ashenzari.
 28598 | D:15     | Received a gift from Okawaru
 28599 | D:15     | Got a pair of faintly glowing boots {god gift}
 28600 | D:15     | Identified the -4 pair of boots "Amixkyfo" {rN+ rCorr}
                  | (Okawaru gifted it to you on level 15 of the Dungeon)
 28931 | D:15     | Found a staircase to the Depths.
 29694 | Swamp:1  | Entered Level 1 of the Swamp
 30214 | Swamp:1  | Reached XP level 17. HP: 80/113 MP: 8/24
 30461 | Swamp:1  | Found a sacrificial altar of Ru.
 30757 | Swamp:2  | Reached skill level 1 in Spellcasting
 30999 | Swamp:2  | Received a gift from Okawaru
 31002 | Swamp:2  | HP: 5/113 [shambling mangrove (19)]
 31547 | Swamp:2  | Slain by an alligator

Skill      XL: |  1  2  3  4  5  6  7  8  9 10 11 12 13 14 15 16 17 |
---------------+----------------------------------------------------+-----
Stealth        | 1 2 4 5 6 7 8 9 10 | 10.0
Fighting       | 4 5 6 7 8 9 10 11 12 13 14 15 | 15.0
Armour         | 4 5 7 8 9 10 11 12 13 14 15 | 15.0
Shields        | 4 |  4.0
Maces & Flails | 3 4 6 7 8 9 10 11 12 13 14 | 14.8
Invocations    | 4 5 7 9 10 | 10.0
Evocations     | 2 3 4 5 6 7 8 |  8.9
Dodging        | 2 4 5 6 |  6.8
Charms         | 3 |  3.8
Translocations | 3 4 |  4.0
Spellcasting   | 2 |  2.2

Action                   |  1- 3 |  4- 6 |  7- 9 | 10-12 | 13-15 | 16-18 || total
-------------------------+-------+-------+-------+-------+-------+-------++-------
Melee: Flail             |   125 |   210 |   466 |       |       |       ||   801
       Morningstar       |       |       |     7 |   646 |  1205 |   813 ||  2671
Throw: Javelin           |       |       |       |     3 |     9 |    10 ||    22
 Cast: Apportation       |       |       |       |       |       |     1 ||     1
Invok: Heroism           |       |       |       |     1 |    11 |     4 ||    16
       Finesse           |       |       |       |       |     3 |     2 ||     5
 Abil: Fly               |       |       |       |       |     1 |       ||     1
Evoke: Wand              |       |       |       |     6 |     4 |     5 ||    15
       Phantom mirror    |       |       |       |       |     1 |       ||     1
  Use: Scroll            |       |     3 |     7 |    10 |    13 |     9 ||    42
       Potion            |       |       |       |     1 |     1 |     2 ||     4
 Stab: Paralysed         |       |       |       |     3 |       |       ||     3
       Sleeping          |       |       |       |     2 |    21 |    20 ||    43
       Distracted        |       |       |       |       |     2 |       ||     2
  Eat: Chunk             |       |     6 |    11 |    17 |    19 |    17 ||    70
       Ration            |       |       |     1 |     1 |     6 |     4 ||    12
Armor: Plate armour      |   118 |   167 |   301 |   471 |       |       ||  1057
       Swamp dragon scal |       |       |       |    36 |   576 |       ||   612
       Acid dragon scale |       |       |       |       |    99 |   529 ||   628
Dodge: Dodged            |    23 |    22 |    86 |   217 |   632 |   441 ||  1421
       Deflected         |       |       |       |       |     5 |    15 ||    20
Block: Shield            |    82 |    99 |   186 |       |       |       ||   367
       Buckler           |       |       |    20 |   147 |   288 |   197 ||   652
